 Dungeon Crawl Stone Soup version 0.20-a0-1025-g4706f7e (webtiles) character file.

3497 dvd the Magician (level 9, 0/61 HPs)
             Began as a Demonspawn Ice Elementalist on Apr 19, 2017.
             Was a Priest of Ashenzari.
             Engulfed by a cloud of steam (6 damage)
             ... on level 8 of the Dungeon.
             The game lasted 00:26:50 (8989 turns).

dvd the Magician (Demonspawn Ice Elementalist)      Turns: 8989, Time: 00:26:51

Health: 0/61       AC: 10    Str: 13    XL:     9   Next: 80%
Magic:  1/20       EV: 12    Int: 25    God:    Ashenzari [***...]
Gold:   477        SH:  4    Dex: 13    Spells: 9/23 levels left

rFire    . . .     SeeInvis +   g - +1 short sword (flame)
rCold    + + .     Gourm    .   e - +0 buckler
rNeg     . . .     Faith    .   K - +1 ring mail of Anaesthesia {Int+7} (curse)
rPois    .         Spirit   .   (helmet restricted)
rElec    +         Reflect  .   u - +0 cloak
rCorr    .         Harm     .   F - +0 pair of gloves
MR       +....                  J - +0 pair of boots
Stlth    ++........             m - amulet of magic regeneration (curse)
Regen    0.2/turn               q - ring of wizardry
MPRegen  0.3/turn               z - ring of wizardry (curse)

@: no status effects
A: claws 1, hooves 2, horns 2, cold resistance 2, demonic guardian 1, magic
resistance 1, electricity resistance, strong 1, evolution 1, freezing cloud
immunity
a: Curse Item, Scrying, Renounce Religion


You were on level 8 of the Dungeon.
You worshipped Ashenzari.
Ashenzari was most pleased with you.
You were hungry.

You visited 2 branches of the dungeon, and saw 10 of its levels.

You collected 477 gold pieces.

Inventory:

Hand Weapons
 g - a +1 short sword of flaming (weapon)
 x - a +1 dagger of venom
 C - a +1 hand axe of chopping
 M - a +4 dagger of distortion
Armour
 e - a +0 buckler (worn)
 u - a +0 cloak (worn)
 y - a +1 leather armour of cold resistance
 F - a +0 pair of gloves (worn)
 J - a +0 pair of boots (worn)
 K - the cursed +1 ring mail of Anaesthesia (worn) {Int+7}
   (You found it on level 8 of the Dungeon)

   It affects your intelligence (+7).
   It has a curse placed upon it.
Jewellery
 d - an uncursed ring of stealth
 m - a cursed amulet of magic regeneration (around neck)
 q - a ring of wizardry (left hand)
 z - a cursed ring of wizardry (right hand)
 H - an uncursed ring of see invisible
Wands
 a - a wand of disintegration (18/24)
 l - a wand of clouds (4/9)
 A - a wand of disintegration (6/24)
 D - a wand of lightning (6/15)
 E - a wand of polymorph (14/24)
Scrolls
 j - 3 scrolls of fog
 p - a scroll of remove curse
 r - a scroll of teleportation
 v - 10 scrolls of identify
 B - a scroll of enchant weapon
 I - a scroll of amnesia
Potions
 i - 4 potions of curing
 k - a potion of might
 n - a potion of lignification
 s - a potion of berserk rage
 w - a potion of flight
 G - 3 potions of heal wounds
Books
 b - a book of Frost

   Spells                             Type                      Level
   a - Freeze                         Ice                          1
   b - Throw Frost                    Conjuration/Ice              2
   c - Ozocubu's Armour               Charms/Ice                   3
   d - Throw Icicle                   Conjuration/Ice              4
   e - Summon Ice Beast               Ice/Summoning                4
 h - a book of Cantrips

   Spells                             Type                      Level
   a - Confusing Touch                Hexes                        1
   b - Animate Skeleton               Necromancy                   1
   c - Summon Small Mammal            Summoning                    1
   d - Apportation                    Translocation                1
Comestibles
 c - 7 bread rations
 f - 2 royal jellies
 o - a fruit


   Skills:
 + Level 2.2 Fighting
 + Level 2.8 Short Blades
 + Level 2.9 Armour
 + Level 3.9 Dodging
 + Level 3.2 Stealth
 + Level 1.7 Shields
 + Level 7.6 Spellcasting
 + Level 2.7(4.3) Conjurations
 + Level 2.0(3.4) Charms
 + Level 1.3(2.5) Summonings
 * Level 7.4(9.4) Ice Magic


You had 9 spell levels left.
You knew the following spells:

 Your Spells              Type           Power        Failure   Level  Hunger
a - Freeze                Ice            ####         1%          1    None
b - Throw Frost           Conj/Ice       #####.       1%          2    None
c - Ozocubu's Armour      Chrm/Ice       #####...     1%          3    None
d - Throw Icicle          Conj/Ice       #####...     3%          4    ##.....
e - Summon Ice Beast      Ice/Summ       #####...     4%          4    ##.....


Dungeon Overview and Level Annotations

Branches:
Dungeon (9/15)             Temple (1/1) D:7
   Lair: D:8-11         Orc: D:9-12

Altars:
Ashenzari
Cheibriados
Dithmenos
Elyvilon
Fedhas
Gozag
Hepliaklqana
Kikubaaqudgha
Makhleb
Nemelex Xobeh
Okawaru
Qazlal
Ru
Sif Muna
Trog
Uskayaw
Vehumet
Xom
Yredelemnul
Zin
The Shining One


Innate Abilities, Weirdness & Mutations

You have sharp fingernails.
You have hoof-like feet.
You have a pair of horns on your head.
Your flesh is very cold resistant. (rC++)
A weak demonic guardian rushes to your aid.
You are immune to freezing clouds.
You are resistant to hostile enchantments. (MR+)
You are resistant to electric shocks. (rElec)
Your muscles are strong. (Str +2)
You evolve.


Message History

Casting: Throw Icicle
Confirm with . or Enter, or press ? or * to list all spells.
Aiming: Throw Icicle
Press: ? - help, Shift-Dir - straight line, f/p - steam dragon
Aim: a steam dragon (heavily wounded)
The shard of ice hits the steam dragon.
The steam dragon is almost dead.
The steam dragon breathes steam at you. The ball of steam hits you!
* * * LOW HITPOINT WARNING * * *
Unknown command.
Casting: Throw Icicle
Confirm with . or Enter, or press ? or * to list all spells.
Aiming: Throw Icicle
Press: ? - help, Shift-Dir - straight line, f/p - steam dragon
Aim: a steam dragon (almost dead, catching its breath)
The shard of ice hits the steam dragon.
You kill the steam dragon!
You are engulfed in a cloud of scalding steam.
You die...

#####.#....##.#.Y......#
....#.#.#.....########.#
.##.#.#.#####.......^.[#
.#....#.#####.##########
.#..............#
..#.#.........#.#######
......#########.......#
....#.# #..####.#
#.###.#########.@#....#
#.# #..........†.#.####
#.##############.#.#
...# #####.#.# ...#
#.....#.# ##.#
###.#####.# ##.# #...#
#.# ...# #.#######.#
#### #.#.#.....#


There were no monsters in sight!

Vanquished Creatures
  The ghost of claquette the Ruffian, a novice TrMo of Uskayaw (D:8)
  Psyche (D:8)
  A wyvern (D:8)
  A steam dragon (D:8)
  A water moccasin (D:6)
  An ice beast (D:7)
  An orc warrior (D:6)
  A sky beast (D:5)
  2 ogres
  A necrophage (D:6)
  2 centaurs
  A crocodile (D:7)
  2 big kobolds
  3 bullfrogs
  A wyvern zombie (D:7)
  6 killer bees (D:7)
  A howler monkey (D:4)
  5 crimson imps
  A centaur zombie (D:5)
  A jelly (D:7)
  2 orc priests (D:6)
  A centaur skeleton (D:5)
  3 iguanas
  5 worker ants
  3 orc wizards (D:6)
  A hound zombie (D:8)
  A hound skeleton (D:6)
  A worker ant zombie (D:6)
  5 gnolls
  9 adders
  An ooze (D:7)
  2 dart slugs (D:1)
  2 leopard geckos
  14 orcs
  7 giant cockroaches
  5 goblins
  7 hobgoblins
  9 jackals
  10 kobolds
  7 quokkas
  A ball python (D:1)
  A ball python skeleton (D:4)
  8 bats
  8 frilled lizards
  A quokka zombie (D:6)
  11 rats
159 creatures vanquished.

Vanquished Creatures (collateral kills)
  A wyvern (D:8)
  A black bear (D:6)
  A bullfrog (D:7)
  A howler monkey (D:3)
  A hound (D:4)
  An iguana (D:5)
  4 gnolls
  2 orcs
  A giant cockroach (D:4)
  A hobgoblin (D:3)
  A quokka (D:3)
15 creatures vanquished.

Grand Total: 174 creatures vanquished

Notes
Turn   | Place    | Note
-------+----------+-------------------------------------------
     0 | D:1      | dvd the Demonspawn Ice Elementalist began the quest for the Orb.
     0 | D:1      | Reached XP level 1. HP: 13/13 MP: 3/3
   272 | D:1      | Gained mutation: A weak demonic guardian rushes to your aid. [demonic ancestry]
   272 | D:1      | Reached XP level 2. HP: 10/19 MP: 0/5
   441 | D:1      | Learned a level 2 spell: Throw Frost
  1334 | D:2      | Found a shadowy altar of Dithmenos.
  1335 | D:2      | Gained mutation: You have a pair of small horns on your head. [demonic ancestry]
  1335 | D:2      | Reached XP level 3. HP: 12/24 MP: 1/6
  1687 | D:2      | Found a hide-covered altar of Uskayaw.
  1687 | D:2      | Found a shattered altar of Ashenzari.
  1701 | D:2      | Became a worshipper of Ashenzari the Shackled
  1919 | D:2      | Learned a level 3 spell: Ozocubu's Armour
  1968 | D:2      | Found a stormy altar of Qazlal.
  2033 | D:3      | Gained mutation: You have large cloven feet. [demonic ancestry]
  2033 | D:3      | Reached XP level 4. HP: 31/31 MP: 6/8
  2307 | D:3      | Reached skill level 1 in Short Blades
  2534 | D:3      | Gained mutation: You have sharp fingernails. [demonic ancestry]
  2534 | D:3      | Reached XP level 5. HP: 32/36 MP: 9/9
  3144 | D:4      | Reached * piety under Ashenzari
  3367 | D:4      | Reached skill level 1 in Fighting
  3548 | D:4      | Gained mutation: Your flesh is cold resistant. (rC+) [demonic ancestry]
  3548 | D:4      | Reached XP level 6. HP: 42/43 MP: 8/11
  4065 | D:5      | Entered Level 5 of the Dungeon
  4078 | D:5      | Learned a level 4 spell: Throw Icicle
  4091 | D:5      | Reached skill level 1 in Charms
  4249 | D:5      | Found a blossoming altar of Fedhas.
  4267 | D:5      | Gained mutation: You have a pair of horns on your head. [demonic ancestry]
  4267 | D:5      | Reached XP level 7. HP: 43/48 MP: 7/13
  4536 | D:5      | Reached skill level 5 in Spellcasting
  4651 | D:5      | Reached skill level 5 in Ice Magic
  4969 | D:6      | Gained mutation: You are immune to freezing clouds. [demonic ancestry]
  4969 | D:6      | Reached XP level 8. HP: 49/54 MP: 9/16
  5013 | D:6      | Learned a level 4 spell: Summon Ice Beast
  5353 | D:6      | Found an opulent altar of Gozag.
  5596 | D:6      | Reached ** piety under Ashenzari
  6025 | D:7      | Reached skill level 1 in Shields
  6120 | D:7      | Reached skill level 1 in Armour
  6735 | D:7      | Found a staircase to the Ecumenical Temple.
  6741 | Temple   | Entered the Ecumenical Temple
  7140 | D:7      | Gained mutation: You have hoof-like feet. [demonic ancestry]
  7140 | D:7      | Reached XP level 9. HP: 61/61 MP: 18/18
  7885 | D:8      | Noticed claquette's ghost (novice TrMo)
  8023 | D:8      | Got the cursed ring mail of Anaesthesia {Int+7}
  8034 | D:8      | Identified the cursed +1 ring mail of Anaesthesia {Int+7} (You found it on level 8 of the Dungeon)
  8084 | D:8      | Noticed Psyche
  8095 | D:8      | Killed Psyche
  8322 | D:8      | Killed claquette's ghost
  8322 | D:8      | Reached skill level 1 in Summonings
  8502 | D:8      | Gained mutation: You are resistant to hostile enchantments. (MR+) [potion of mutation]
  8502 | D:8      | Gained mutation: You evolve. [potion of mutation]
  8502 | D:8      | Gained mutation: You are resistant to electric shocks. (rElec) [potion of mutation]
  8502 | D:8      | Gained mutation: Your flesh is very cold resistant. (rC++) [potion of mutation]
  8582 | D:8      | Identified the +1 leather armour "Mubyrob" {*Corrode Str+5}
  8757 | D:8      | Reached *** piety under Ashenzari
  8787 | D:8      | Gained mutation: Your muscles are strong. (Str +2) [evolution]
  8974 | D:9      | Found a burning altar of Makhleb.
  8989 | D:8      | Engulfed by a cloud of steam

Vault maps used:
D:1:      saegor_arrival_simple_b, minmay_large_rounded_square,
          minmay_heptomino_d4
D:2:      grunt_qazlal_clouds, gammafunk_temple_overflow_elements, first_bread,
          grunt_dithmenos_smoke
D:3:      minivault_14
D:4:      minmay_diamond_boxcup
D:5:      lemuel_crystal_altar
D:6:      basic_altar
D:7:      minmay_temple_entry_hall, serial_undead, serial_undead_b,
          serial_undead_b, serial_undead_a, serial_undead_e,
          kennysheep_generic_room_10
D:8:      uniq_psyche
D:9:      kennysheep_little_box, overflow_temple_1_default, hangedman_fish_farm,
          trog_wizard
Temple:   regret_index_temple_generic_petals

Skill      XL: |  1  2  3  4  5  6  7  8  9 |
---------------+----------------------------+-----
Ice Magic      | 3 4 5 6 7 |  7.4
Dodging        | 2 3 |  3.9
Stealth        | 2 3 |  3.2
Short Blades   | 1 2 |  2.8
Spellcasting   | 3 4 5 6 7 |  7.6
Fighting       | 1 2 |  2.2
Charms         | 1 2 |  2.0
Conjurations   | 2 |  2.7
Shields        | 1 |  1.7
Armour         | 1 2 |  2.9
Summonings     | 1 |  1.3

Action                   |  1- 3 |  4- 6 |  7- 9 || total
-------------------------+-------+-------+-------++-------
Melee: Short sword       |    23 |    78 |   186 ||   287
       Headbutt          |     1 |     9 |    35 ||    45
       Kick              |       |    15 |    37 ||    52
 Cast: Freeze            |    50 |    53 |   100 ||   203
       Throw Frost       |    16 |    20 |    30 ||    66
       Ozocubu's Armour  |       |    11 |    19 ||    30
       Throw Icicle      |       |       |     9 ||     9
       Summon Ice Beast  |       |       |     4 ||     4
Invok: Curse Item        |       |     1 |     1 ||     2
  Use: Scroll            |       |     9 |     3 ||    12
       Potion            |       |       |     9 ||     9
 Stab: Sleeping          |     3 |     3 |     3 ||     9
       Distracted        |       |       |     1 ||     1
  Eat: Chunk             |     5 |     9 |    14 ||    28
       Royal jelly       |       |       |     1 ||     1
Armor: Robe              |    11 |    28 |    14 ||    53
       Leather armour    |       |       |    47 ||    47
       Ring mail         |       |       |    16 ||    16
Dodge: Dodged            |    32 |    94 |   152 ||   278
Block: Buckler           |    12 |    18 |    39 ||    69
